 Dungeon Crawl Stone Soup version 0.25.1-8-g42b30a86e7 (webtiles) character file.

Game seed: 18069583826153811946

4005 Gabide the Basher (level 10, -5/82 (83) HPs)
             Began as a Ghoul Monk on Dec 14, 2020.
             Was a Priest of Ashenzari.
             Killed from afar by an electric eel (13 damage)
             ... with a bolt of electricity
             ... on level 9 of the Dungeon on Dec 15, 2020.
             The game lasted 00:18:22 (9461 turns).

Gabide the Basher (Ghoul Monk)                      Turns: 9461, Time: 00:18:22

HP:   -5/82 (83)    AC: 13    Str: 28    XL:     10   Next: 23%
MP:   9/9           EV: 11    Int:  5    God:    Ashenzari [***...]
Gold: 280           SH:  0    Dex:  7    Spells: 9/9 levels left

rFire    + . .     SeeInvis +   i - +8 dire flail (protect)
rCold    + + .     Gourm    .   (shield currently unavailable)
rNeg     + + +     Faith    .   w - +6 scale mail of Lunohu {Str+9 Dex-4}
rPois    ∞         Spirit   .   (no helmet)
rElec    .         Reflect  .   f - scarf {rC+ rF+}
rCorr    .         Harm     .   (no gloves)
MR       .....                  (no boots)
Stlth    ..........             r - amulet of the acrobat
HPRegen  0.00/turn              (no ring)
MPRegen  0.11/turn              (no ring)

@: rotting, glowing
A: rotting body, claws 1, carnivore, cold resistance 1, negative energy
resistance 3, inhibited regeneration, torment resistance, unbreathing
a: Curse Item, Scrying, Renounce Religion


You were on level 9 of the Dungeon.
You worshipped Ashenzari.
Ashenzari was most pleased with you.
You were not hungry.

You visited 1 branch of the dungeon, and saw 9 of its levels.

You collected 478 gold pieces.
You spent 198 gold pieces at shops.

Inventory:

Hand Weapons
 i - a +8 dire flail of protection (weapon)
Armour
 c - a +1 cloak
 f - a scarf of resistance (worn)
 l - a +1 chain mail
 w - the +6 scale mail of Lunohu (worn) {Str+9 Dex-4}
   (You bought it in a shop on level 7 of the Dungeon)

   It affects your strength (+9).
   It affects your dexterity (-4).
Jewellery
 r - an amulet of the acrobat (around neck)
 u - a +4 ring of evasion
Wands
 t - a wand of polymorph (10)
 x - a wand of digging (3)
Scrolls
 d - 2 scrolls of fog
 e - 2 scrolls of amnesia
 o - 3 scrolls of teleportation
Potions
 a - a potion of might
 g - a potion of curing
 h - a potion of heal wounds
 k - a potion of brilliance
 n - a potion of invisibility {unknown}
 p - 2 potions of flight
 q - a potion of ambrosia {unknown}
 s - a potion of haste {unknown}
 v - a potion of mutation {unknown}
Comestibles
 b - 13 rations


   Skills:
 + Level 5.9 Fighting
 * Level 9.9 Maces & Flails
 - Level 0.4 Throwing
 + Level 4.7 Armour
 + Level 4.2 Dodging
 - Level 3.1 Stealth
 - Level 6.2 Unarmed Combat


You had 9 spell levels left.
You didn't know any spells.
Your spell library contained the following spells:

 Spells                   Type           Power        Failure   Level  Hunger
 Shock                    Conj/Air       #...         73%         1    ##.....
 Sticks to Snakes         Tmut           #.......     86%         2    ###....
 Swiftness                Chrm/Air       #.......     86%         2    ###....
 Static Discharge         Conj/Air       #.......     97%         3    ####...
 Airstrike                Air            #.........   100%        4    #####..
 Lightning Bolt           Conj/Air       #.........   100%        5    ######.
 Beastly Appendage        Tmut           Unusable     N/A         1    N/A
 Spider Form              Tmut/Pois      Unusable     N/A         3    N/A
 Ice Form                 Ice/Tmut       Unusable     N/A         4    N/A
 Blade Hands              Tmut           Unusable     N/A         5    N/A

Dungeon Overview and Level Annotations

Branches:
Dungeon (9/15)             Temple (0/1) D:4
   Lair: D:8-11         Orc: D:9-12

Altars:
Ashenzari
Cheibriados
Dithmenos
Fedhas
Gozag
Makhleb
Okawaru
Qazlal
Sif Muna
Trog
Uskayaw
Vehumet
Yredelemnul

Shops:
D:7 *


Innate Abilities, Weirdness & Mutations

Your body is rotting away.
You thrive on raw meat.
You are immune to poison.
You have sharp fingernails.
You are carnivorous and can eat meat at any time.
Your flesh is cold resistant. (rC+)
You are immune to negative energy. (rN+++)
You do not regenerate when monsters are visible.
You are immune to unholy pain and torment.
You can survive without breathing.


Message History

The electric eel shoots out a bolt of lightning at you!
The bolt of electricity hits you! x2
The bolt of electricity hits the electric eel.
The electric eel completely resists.
The bolt of electricity hits the gnoll!
The gnoll shouts!
You barely miss the electric eel.
The electric eel is severely wounded.
You hear a bark!
The electric eel shoots out a bolt of lightning at you!
The bolt of electricity hits you!
* * * LOW HITPOINT WARNING * * *
The bolt of electricity hits you!
* * * LOW HITPOINT WARNING * * *
The bolt of electricity hits the electric eel.
The electric eel completely resists.
The bolt of electricity hits the gnoll!
The gnoll dies!
The electric eel shoots out a bolt of lightning at you!
The bolt of electricity hits the electric eel.
The electric eel completely resists.
The bolt of electricity hits you!
You die...

#.........................#
#........##..............#
##....#..##..............+,
######.)....##..(.......+
#......###..........+, * *
#......# ##.........## *
......###.## #..........# ,
#########..###...........,
, #.....@((.%.......#...
#..≈≈≈;≈≈≈≈≈≈≈......#..
...≈;(gg(((((≈≈....##*. ,
,≈≈≈≈...##.(.(.≈≈≈..# , *
≈.....#*##.....g≈≈.. ,
....g# ,##......≈..., *
..... * .... * ,..... ,
..., ,, , *


You could see a gnoll shaman (poisoned), 2 electric eels and 2 gnolls.

Vanquished Creatures
  Eustachio (D:5)
  Edmund (D:4)
  2 water moccasins
  3 orc warriors (D:8)
  3 sky beasts (D:5)
  A phantom (D:6)
  5 ogres
  3 centaurs
  2 bullfrogs
  A gnoll sergeant (D:9)
  3 scorpions
  3 killer bees (D:8)
  4 wights (D:8)
  4 howler monkeys
  3 crimson imps
  6 hounds
  A jelly (D:7)
  10 orc priests
  2 centaur skeletons (D:8)
  2 iguanas
  9 orc wizards
  4 worker ants
  A killer bee zombie (D:6)
  A worker ant zombie (D:8)
  5 gnolls
  A howler monkey skeleton (D:5)
  9 adders
  A shadow imp (D:6)
  4 worms
  A dart slug (D:4)
  9 leopard geckos
  47 orcs
  5 giant cockroaches
  10 goblins
  8 hobgoblins
  8 jackals
  2 quokkas
  2 ball pythons
  10 bats
  5 frilled lizards
  A jackal skeleton (D:8)
  7 kobolds
  2 leopard gecko skeletons
  A quokka skeleton (D:4)
  A quokka zombie (D:5)
  12 rats
  A spectral orc (D:5)
227 creatures vanquished.

Vanquished Creatures (others)
  A gnoll sergeant (D:9)
  A gnoll (D:9)
2 creatures vanquished.

Grand Total: 229 creatures vanquished

Notes
Turn   | Place    | Note
-------+----------+-------------------------------------------
     0 | D:1      | Gabide the Ghoul Monk began the quest for the Orb.
     0 | D:1      | Reached XP level 1. HP: 19/19 MP: 0/0
   168 | D:1      | Reached XP level 2. HP: 26/26 MP: 1/1
   460 | D:1      | Found a shattered altar of Ashenzari.
   586 | D:1      | Became a worshipper of Ashenzari the Shackled
   586 | D:1      | Reached * piety under Ashenzari
   586 | D:1      | Reached ** piety under Ashenzari
   608 | D:1      | Reached XP level 3. HP: 31/31 MP: 2/2
  1242 | D:2      | Found an iron altar of Okawaru.
  1366 | D:2      | Reached XP level 4. HP: 32/33 MP: 3/3
  1883 | D:2      | Found a radiant altar of Vehumet.
  1961 | D:2      | Reached skill level 5 in Unarmed Combat
  3128 | D:3      | Reached XP level 5. HP: 45/45 MP: 4/4
  3221 | D:3      | Found a blossoming altar of Fedhas.
  3420 | D:4      | Found a bloodstained altar of Trog.
  3420 | D:4      | Found a shadowy altar of Dithmenos.
  3505 | D:4      | Found a snail-covered altar of Cheibriados.
  3506 | D:4      | Noticed Edmund
  3545 | D:4      | Killed Edmund
  3545 | D:4      | Reached XP level 6. HP: 21/51 MP: 5/5
  3787 | D:4      | Reached skill level 1 in Armour
  3894 | D:4      | Found a burning altar of Makhleb.
  3931 | D:4      | Found a hide-covered altar of Uskayaw.
  4116 | D:4      | Found a staircase to the Ecumenical Temple.
  4256 | D:5      | Entered Level 5 of the Dungeon
  4307 | D:5      | Found a basalt altar of Yredelemnul.
  4334 | D:5      | Noticed a sky beast
  4351 | D:5      | Killed a sky beast
  4351 | D:5      | Reached skill level 1 in Maces & Flails
  4351 | D:5      | Reached XP level 7. HP: 42/58 MP: 6/6
  4352 | D:5      | Reached skill level 2 in Maces & Flails
  4426 | D:5      | Reached skill level 3 in Maces & Flails
  4712 | D:5      | Noticed Eustachio
  4730 | D:5      | Reached skill level 4 in Maces & Flails
  4730 | D:5      | Reached XP level 8. HP: 38/66 MP: 7/7
  4748 | D:5      | Killed Eustachio
  5098 | D:5      | Found a shattered altar of Ashenzari.
  5291 | D:6      | Reached skill level 5 in Maces & Flails
  5577 | D:6      | Found an opulent altar of Gozag.
  5713 | D:6      | Reached skill level 6 in Maces & Flails
  5895 | D:6      | Found a shimmering blue altar of Sif Muna.
  6286 | D:7      | Reached skill level 5 in Fighting
  6290 | D:7      | Reached XP level 9. HP: 52/74 MP: 8/8
  6347 | D:7      | Reached skill level 7 in Maces & Flails
  6623 | D:7      | Found Ivoymuv's Assorted Antiques.
  6626 | D:7      | Bought a masterwork scale mail for 198 gold pieces
  6636 | D:7      | Identified the +6 scale mail of Lunohu {Str+9 Dex-4} (You
                  | bought it in a shop on level 7 of the Dungeon)
  6755 | D:7      | Reached *** piety under Ashenzari
  7063 | D:7      | Found a stormy altar of Qazlal.
  7247 | D:8      | Found a sand-covered staircase.
  7260 | D:8      | Reached skill level 8 in Maces & Flails
  7793 | D:8      | Reached skill level 9 in Maces & Flails
  8332 | D:8      | Reached XP level 10. HP: 82/82 MP: 9/9
  9461 | D:9      | Killed from afar by an electric eel

Illustrated notes

Levels and vault maps discovered:
D:1:      eino_arrival_cavern_e, layout_loops_ring, ashenzari_altar_1
D:2:      layout_basic, kennysheep_okawaru_gauntlet, vehumet_crystals,
          serial_glass, glass_columns_a, glass_columns_a, minmay_quantized
D:3:      layout_basic, fedhas_altar_2, minmay_misc_feat_roman,
          kennysheep_generic_room_5
D:4:      layout_rooms, nicolae_overflow_crystal_walls,
          eat_drink_and_be_merry_uskayaw, kennysheep_slug_shrine,
          gammafunk_temple_overflow_pools, minmay_temple_entry_nine_rooms,
          first_ration, uniq_edmund
D:5:      layout_cave_pools, kennysheep_mini,
          yredelemnul_forgotten_temple_becter, uniq_eustachio
D:6:      layout_rooms, kennysheep_little_box,
          nicolae_gozag_cash_rules_everything_around_me
D:7:      layout_basic, marbit_many_paths, serial_shops, kennysheep_mini_moat
D:8:      layout_basic, nicolae_ossuary_entry_ruins
D:9:      layout_cave_pools, serial_shops, shop, shop,
          nicolae_shop_behind_doors, serial_gnoll_camp,
          gnoll_camp_mini_doghouse, gnoll_camp_mini_hut, gnoll_camp_mini_hut,
          gnoll_camp_mini_shop, gnoll_camp_mini_doghouse, gnoll_camp_huts_moat,
          uniq_maurice

Skill      XL: |  1  2  3  4  5  6  7  8  9 |
---------------+----------------------------+-----
Unarmed Combat | 4 5 6 |  6.2
Dodging        | 3 4 |  4.2
Stealth        | 3 |  3.1
Armour         | 2 3 4 |  4.7
Maces & Flails | 1 4 6 9 |  9.9
Fighting       | 4 5 |  5.9
Throwing       | |  0.4

Action                   |  1- 3 |  4- 6 |  7- 9 | 10-12 || total
-------------------------+-------+-------+-------+-------++-------
Melee: Unarmed           |    99 |   141 |       |       ||   240
       Punch             |     2 |     2 |       |       ||     4
       Dire flail        |       |    55 |   316 |    79 ||   450
Throw: Dart              |     3 |    12 |    16 |    24 ||    55
       Javelin           |       |       |     5 |     6 ||    11
  Use: Scroll            |     3 |    10 |     5 |     1 ||    19
       Potion            |       |     3 |     6 |       ||     9
 Stab: Sleeping          |     7 |     7 |       |       ||    14
  Eat: Chunk             |     5 |    15 |    16 |     3 ||    39
Armor: Robe              |    17 |    11 |       |       ||    28
       Chain mail        |       |    92 |   164 |       ||   256
       Scale mail        |       |       |    40 |    77 ||   117
Dodge: Dodged            |    75 |   113 |   195 |   136 ||   519
